AoeStats
← Oxplease

Nomad

509374120Analyzed
2v2 RM · 5d ago on Sep 26, 2026· 21m 45s· 4 players
Game mode
Random Map
Map size
176×176
Population
200
Speed
Normal
Resources
Standard
Victory
Conquest
Starting age
Dark Age
Ending age
Imperial Age
RankedLock teamsTeams togetherTeam positionsShared explorationLock speedFull tech treeHidden civsTurbo modeCheats
Victory
Defeat
🇭🇺 Italians · Hungary
1138
+14
🇫🇷 Dravidians · France
1064
+16
🇵🇰 Malay · Pakistan
1089
-15
🇹🇼 Spanish · Taiwan
1086
-15
NSN WAJID
ZedongMao
4:06 Loom
16:28 Feudal Age
17:02 Double-Bit Axe
21:58 Wheelbarrow
23:56 Castle Age
Gaborovics
13:04 Feudal Age
15:56 Town Watch
18:38 Castle Age
17:35 Double-Bit Axe
19:00 Horse Collar
19:04 Fishing Lines
22:04 Fletching
Oxplease
17:53 Feudal Age
21:29 Castle Age
19:28 Double-Bit Axe
21:34 Man-at-Arms
21:59 Gambesons
Connection lost

Rejoining the realm…

Still unreachable

The connection could not be restored.

Session expired

The server has moved on; the page needs a fresh start.